[Event "*** Monthly 3|2 Blitz Masters"]
[Site "Chess.com"]
[Date "2014.11.25"]
[Round "1"]
[White "oggy1984"]
[Black "GeorgMeier"]
[Result "0-1"]
[WhiteElo "2230"]
[BlackElo "2555"]
[TimeControl "180+2"]
[EndTime "11:09:31 PST"]
[Termination "GeorgMeier won by resignation"]

1. e4 e6 2. d4 d5 3. Nc3 dxe4 4.
Nxe4 Nd7 5. Nf3 Ngf6 6. Bd3 c5 7.
dxc5 Nxe4 8. Bxe4 Nxc5 9. Qxd8+ Kxd8 10. Nd2 f6 11. Bf3 e5 12. Nb3 Na4 13. O-O Kc7 14. Nd2 Be6 15. b3 Nc5 16. Ne4 Nxe4 17. Bxe4 Bc5 18.
Bb2 Rad8 19. Rfd1 g6 20. c4 Rhe8 21. Kf1 Bg4 22. f3 Be6 23. Bc2 Bf5 24. Be4 Be6 25. Bc2 a6 26. Rxd8 Rxd8 27. Rd1 Rxd1+ 28. Bxd1 Bf5 29.
Ke2 a5 30. Kd2 Kd6 31. Bc2 Be6 32. Be4 b6 33. Bc2 f5 34. Ke2 Bd7 35. Bc3 Bc6 36. Bb2 Ke6 37. Bc3 h5 38. h3 h4 39.
Be1 g5 40. Bc3 e4 41. fxe4 fxe4 42. Be1 Ke5 43. g3 hxg3 44. Bxg3+ Kd4 45. Be1 e3 46. Bf5 Bg2 47. Bg4 Be4 48. h4 Bd3+ 49. Kd1 gxh4 50. Bxh4 Kc3 51. Bf6+ Bd4 52. Bxd4+ Kxd4 53. Kc1 Kc3 54.
Kd1 Kb2 55. Be2 Bxe2+ 56. Kxe2 Kxa2 57. Kxe3 Kxb3 58. Kd3 a4 0-1

[Event "*** Monthly 3|2 Blitz Masters"]
[Site "Chess.com"]
[Date "2014.11.25"]
[Round "1"]
[White "redchessman"]
[Black "IMRosen"]
[Result "0-1"]
[WhiteElo "2240"]
[BlackElo "1979"]
[TimeControl "180+2"]
[EndTime "11:09:39 PST"]
[Termination "IMRosen won by resignation"]

1. Nf3 Nf6 2. c4 e6 3. Nc3 d5 4.
e3 Be7 5. Qc2 O-O 6. b3 c5 7. Bb2 Nc6 8. cxd5 exd5 9. d4 cxd4 10. Nxd4 Nxd4 11. exd4 Bg4 12. Bd3 Rc8 13. a3 Bd6 14.
O-O Bh5 15. Bf5 Bg6 16. Bxg6 hxg6 17. Qd1 Re8 18. Rc1 g5 19. Na4 g6 20. Qd3 Kg7 21.
Rxc8 Qxc8 22. Rc1 Qg4 23. h3 Qh4 24. Nc3 g4 25. Rd1 gxh3 26. Qxh3 Qxh3 27. gxh3 a6 28. Kg2 Rc8 29. Rc1 Bf4 30. Rd1 Bd6 31. Rc1 Re8 32.
Rc2 g5 33. Na4 Nh5 34. Bc1 Kg6 35. Nb6 Re1 36. Nxd5 Rd1 37. Be3 Bxa3 38. Rc7 b5 39. Rc6+ f6 40. Rxa6 Bc1 41. Ne7+ Kf7 42. Ra7 Bxe3 43. fxe3 Ke6 44. Nc6 Kd5 45. Ne7+ Ke4 46. d5 Kxe3 47. Ra6 Nf4+ 48. Kg3 Rg1+ 49. Kh2 Rg2+ 50.
Kh1 Kf3 51. d6 Nd3 52. Ra2 Rxa2 0-1

[Event "*** Monthly 3|2 Blitz Masters"]
[Site "Chess.com"]
[Date "2014.11.25"]
[Round "1"]
[White "ChessWarrior7197"]
[Black "GedoGluperd"]
[Result "0-1"]
[WhiteElo "1806"]
[BlackElo "2305"]
[TimeControl "180+2"]
[EndTime "11:10:22 PST"]
[Termination "GedoGluperd won by resignation"]

1. e4 c5 2. Nf3 Nc6 3. Bb5 g6 4. Bxc6 dxc6 5. d3 Bg7 6. O-O e5 7. h3 Qe7 8. Nbd2 Nf6 9. Nc4 Nd7 10. a4 Nf8 11. b3 f6 12. a5 Ne6 13. Ba3 O-O 14. Qd2 Rd8 15. Qe3 Bf8 16. Rab1 Qc7 17. c3 Bd7 18. g3 Be8 19. b4 cxb4 20. Bxb4 Rd7 21. Bxf8 Kxf8 22. Nh2 Rad8 23. Rfd1 Kg7 24. Ng4 g5 25. Qe2 Bf7 26. Nce3 Bg6 27. Qf3 Rf8 28.
Nf5+ Kh8 29. h4 Qxa5 30. hxg5 Nxg5 31. Qe3 Qxc3 32. Kg2 Bxf5 33. exf5 Qd4 34. Qe2 Qd5+ 35. f3 c5 36. Ne3 Qc6 37. Rh1 b5 38. Rh4 b4 39.
Kf2 a5 40. f4 exf4 41. gxf4 Nf7 42. Rxh7+ Kxh7 43. Qh5+ Nh6 44. Qg6+ Kh8 45. Qxh6+ Kg8 46. Rg1+ Kf7 47. Ng4 Ke8 48. Re1+ Re7 49. Ne5 Qd5 50.
Ng6 Qd4+ 51. Kg2 Qd5+ 52. Kh2 Rxe1 53. Qxf8+ Kd7 54. Qxf6 Re2+ 55. Kh3 Re3+ 56. Kg4 Qg2+ 57. Kh5 Rh3+ 58. Nh4 Qe2+ 59. Kh6 Qe7 60. Qxe7+ Kxe7 61. Kg5 Rxh4 62. Kxh4 b3 63. Kh5 Kf6 64. Kh6 b2 0-1

[Event "*** Monthly 3|2 Blitz Masters"]
[Site "Chess.com"]
[Date "2014.11.25"]
[Round "1"]
[White "LePlusMortel"]
[Black "esr44"]
[Result "1-0"]
[WhiteElo "2391"]
[BlackElo "2066"]
[TimeControl "180+2"]
[EndTime "11:10:32 PST"]
[Termination "LePlusMortel won by resignation"]

1. d4 d5 2. Nf3 Nf6 3. Bf4 c6 4.
Nbd2 Bg4 5. Ne5 Bh5 6. c4 e6 7. Qb3 Qb6 8. c5 Qxb3 9. axb3 Nfd7 10. b4 f6 11. Nxd7 Nxd7 12. e3 e5 13. Bg3 exd4 14.
exd4 O-O-O 15. f3 Re8+ 16. Kf2 a6 17. Nb3 Bg6 18. Na5 Nb8 19. Bxb8 Kxb8 20. Nxb7 Kxb7 21.
Bxa6+ Kc7 22. b5 cxb5 23. Bxb5 Rb8 24. Ra5 Be7 25. Re1 Bd8 26. Ra7+ Rb7 27. Rea1 Be8 28. Be2 Bc6 29. b4 Rxa7 30. Rxa7+ Bb7 31. b5 Kb8 32. Ra2 Re8 33. Bd3 f5 34. Bxf5 Bf6 35.
Rd2 g6 36. Bc2 Bc8 37. g3 Kc7 38. Bb3 Be6 39. b6+ Kb7 40. Kf1 Ra8 41. Ke2 Ra3 42.
Bc2 Ra2 43. Ke3 Bg5+ 44. f4 Bf6 45. h4 Ra3+ 46. Rd3 Ra2 47. Bb3 Rg2 48. Kf3 Rg1 49.
Kf2 Rb1 50. Ke3 Bf5 51. Bxd5+ Kc8 52. Ra3 Re1+ 53. Kd2 Rg1 54. Bc6 Kd8 55. Ra8+ Ke7 56. b7 Rb1 57. b8=Q Rxb8 58. Rxb8 Bxd4 59. Rb7+ Kf6 60.
Bd5 g5 61. hxg5+ Kg6 62. Bf7+ Kg7 63. Be6+ Kg6 64. Bxf5+ Kxf5 65. c6 1-0

[Event "*** Monthly 3|2 Blitz Masters"]
[Site "Chess.com"]
[Date "2014.11.25"]
[Round "1"]
[White "pedromartinez91"]
[Black "VovAn1991"]
[Result "1-0"]
[WhiteElo "2069"]
[BlackElo "2341"]
[TimeControl "180+2"]
[EndTime "11:10:38 PST"]
[Termination "pedromartinez91 won on time"]

1. e4 c5 2. Nf3 d6 3. Bb5+ Nd7 4. d4 cxd4 5. Qxd4 a6 6. Bxd7+ Bxd7 7. c4 e5 8. Qd3 b5 9. Nc3 Nf6 10. Bg5 bxc4 11.
Qxc4 Be7 12. Rd1 O-O 13. O-O Be6 14. Qd3 Qb6 15. Rd2 Rfc8 16. Bxf6 Bxf6 17. Nd5 Bxd5 18.
Qxd5 Be7 19. b3 Ra7 20. Rfd1 h6 21. Ne1 Rc5 22. Qd3 Rac7 23. Nf3 Qa5 24. g3 Qb4 25. Kg2 f5 26. Re2 fxe4 27. Rxe4 Qb6 28. Rc4 Rxc4 29.
bxc4 Qc6 30. Qd5+ Qxd5 31. cxd5 Rc5 32. h4 Kf7 33. Ne1 Kf6 34. Kf3 Rc4 35. Ng2 Ra4 36.
Rd2 Bd8 37. Ne3 Bb6 38. Ng4+ Kf5 39. Ne3+ Kf6 40. Rc2 Bc5 41. Nc4 h5 42. Ke4 g6 43.
f3 Rb4 44. g4 Rb1 45. g5+ Ke7 46. Re2 Rd1 47. Rd2 Rh1 48. Na5 Rxh4+ 49. Kd3 Rd4+ 50. Kc3 Rxd2 51. Nc6+ Ke8 52. Kxd2 Kd7 53. Ke2 Kc7 54. Ne7 Ba3 55. Nxg6 Bc1 56. f4 exf4 57. Kf3 Kd8 58. Nxf4 Bxf4 59. Kxf4 Ke7 60. Kf5 Kf7 61. a3 Kg7 62. a4 a5 63. Ke6 1-0

[Event "*** Monthly 3|2 Blitz Masters"]
[Site "Chess.com"]
[Date "2014.11.25"]
[Round "1"]
[White "vovkcoach"]
[Black "Argente"]
[Result "1-0"]
[WhiteElo "2486"]
[BlackElo "2165"]
[TimeControl "180+2"]
[EndTime "11:11:12 PST"]
[Termination "vovkcoach won by resignation"]

1. e4 g6 2. d4 Bg7 3. Nf3 d6 4. Nc3 Nf6 5. h3 O-O 6. Be3 c6 7. Bd3 Nbd7 8. O-O e5 9. dxe5 dxe5 10. a4 Qe7 11. Qd2 Nc5 12. Bh6 Rd8 13. Bxg7 Kxg7 14. Qe3 Nh5 15. Rfd1 Nxd3 16. cxd3 Qf6 17. Kh2 Be6 18. g4 Qf4+ 19. Qxf4 Nxf4 20. d4 Bb3 21.
Rd2 f6 22. dxe5 fxe5 23. Rxd8 Rxd8 24. Nxe5 Rd2 25. Kg3 g5 26. Re1 Rxb2 27. h4 h6 28. hxg5 hxg5 29. Nf3 Kg6 30. Nd4 Bxa4 31. Ra1 Bb3 32.
Rxa7 Bf7 33. Nf3 Rb3 34. Ne5+ Kf6 35. Nd7+ Kg7 36. Kh2 Rxc3 37. Rxb7 Rc2 38. Ne5 Rxf2+ 39. Kg3 Rg2+ 40. Kf3 Kf6 41. Rxf7+ Kxe5 42. Rf5+ Ke6 43. Rxg5 Rf2+ 44. Ke3 Nh3 45. Rh5 Rh2 46. g5 Kf7 47.
Rh6 c5 48. g6+ Kg7 49. Rh5 c4 50. Rc5 Rc2 51. Rc6 Ng5 52. Kf4 Nh3+ 53. Kf5 Rf2+ 54. Kg4 Nf4 55. Kg5 Nd3 56. Rc7+ Kf8 57. Rxc4 Ne5 58. Rc8+ Kg7 59. Rc7+ Kf8 60. g7+ Kg8 61. Rb7 Nf7+ 62. Kg6 Rg2+ 63. Kf6 Rxg7 64. e5 Rg1 65. Rb8+ Kh7 66. Kxf7 Rf1+ 67. Ke7 Kg7 68. e6 Rd1 69. Rb3 Ra1 70. Rg3+ Kh7 71. Kf7 Rf1+ 72. Ke8 1-0

[Event "*** Monthly 3|2 Blitz Masters"]
[Site "Chess.com"]
[Date "2014.11.25"]
[Round "1"]
[White "Chesseducation4u"]
[Black "patzerplay"]
[Result "1-0"]
[WhiteElo "2414"]
[BlackElo "2098"]
[TimeControl "180+2"]
[EndTime "11:11:29 PST"]
[Termination "Chesseducation4u won by resignation"]

1. Nf3 Nf6 2. g3 d5 3. Bg2 g6 4. b3 Bg7 5. Bb2 O-O 6. O-O c6 7. c4 e6 8. Qc2 Na6 9. a3 Re8 10. d3 b6 11. Nbd2 Bb7 12. b4 Rc8 13. e4 c5 14. b5 Nc7 15. e5 Nd7 16. Rfe1 d4 17. Re2 h5 18. Rae1 a6 19. a4 a5 20. Nh4 Bxg2 21.
Kxg2 Qe7 22. f4 Kh7 23. Nhf3 Kg8 24. Ne4 Red8 25. h3 Nf8 26. Bc1 Ne8 27. Rf1 Qb7 28.
Kf2 Rd7 29. Bd2 Bh6 30. Ke1 Ng7 31. Kd1 Nf5 32. Rg1 Rcd8 33. Kc1 Kg7 34. Kb2 Ne3 35.
Bxe3 dxe3 36. Rxe3 Nh7 37. Nd6 Qc7 38. Qc3 Kg8 39. Kb3 Nf8 40. Re4 Bg7 41. Qc2 Rxd6 42. exd6 Rxd6 43. Rd1 Nd7 44. Qe2 Qd8 45. Ne5 Nf6 46.
Nc6 Qc7 47. Re3 Ne8 48. Kc2 Qd7 49. Ne5 Qe7 50. Qf3 Nf6 51. Qa8+ Kh7 52. g4 Nd7 53. gxh5 gxh5 54. Qf3 Qf6 55. Qxh5+ Kg8 56. Qg4 Rd4 57. Rg1 Nxe5 58. Qxg7+ Qxg7 59. Rxg7+ Kxg7 60. fxe5 Kg6 61. Rg3+ Kf5 62. Rg7 Rd7 63. d4 cxd4 64. Kd3 Kxe5 65. h4 Kf6 66. Rg8 e5 67. h5 e4+ 68. Kxe4 d3 69. Rg1 d2 70. Rd1 Kg5 71. Ke3 Kxh5 72.
Rxd2 Rc7 73. Rd5+ Kg4 74. Kd4 f5 75. Rd6 Rb7 76. Rg6+ Kf3 77. Kd5 Re7 78. Kc6 Re4 79.
Kxb6 Rxc4 80. Kxa5 Ke4 81. b6 Rc1 82. b7 Rb1 83.
Rb6 Rxb6 84. Kxb6 1-0

[Event "*** Monthly 3|2 Blitz Masters"]
[Site "Chess.com"]
[Date "2014.11.25"]
[Round "2"]
[White "MattyDPerrine"]
[Black "MoreChessJulia"]
[Result "1-0"]
[WhiteElo "2033"]
[BlackElo "1868"]
[TimeControl "180+2"]
[EndTime "11:15:46 PST"]
[Termination "MattyDPerrine won by resignation"]

1. d4 d5 2. c4 c6 3. Nc3 Nf6 4. Nf3 e6 5. e3 Nbd7 6. Qc2 Bd6 7. Bd2 O-O 8. Bd3 dxc4 9. Bxc4 e5 10. O-O Qe7 11. dxe5 Nxe5 12. Nxe5 Qxe5 13. f4 Qh5 14. Bd3 Ng4 15. h3 Nf6 16. Rf3 Bd7 17. g4 Bxg4 18.
hxg4 Qxg4+ 19. Kf2 Qh4+ 20. Kg2 Ng4 21. Rh1 1-0

[Event "*** Monthly 3|2 Blitz Masters"]
[Site "Chess.com"]
[Date "2014.11.25"]
[Round "2"]
[White "jcibarra"]
[Black "Bab3s"]
[Result "1-0"]
[WhiteElo "2435"]
[BlackElo "2108"]
[TimeControl "180+2"]
[EndTime "11:16:44 PST"]
[Termination "jcibarra won by resignation"]

1. e4 e5 2. Nf3 Nc6 3. Bb5 a6 4.
Bxc6 dxc6 5. O-O f6 6. d4 exd4 7. Nxd4 c5 8. Nb3 Qxd1 9. Rxd1 Bd7 10. Bf4 O-O-O 11. Nc3 c4 12. Na5 b5 13. Nd5 Bc5 14. Bxc7 Re8 15. Bb6 Bf8 16. f3 Ne7 17. Nc7 Rd8 18.
Nxa6 Re8 19. Nc7 Rd8 20. Nxb5 1-0

[Event "*** Monthly 3|2 Blitz Masters"]
[Site "Chess.com"]
[Date "2014.11.25"]
[Round "2"]
[White "Yaacovn"]
[Black "juniortay"]
[Result "1-0"]
[WhiteElo "2590"]
[BlackElo "2210"]
[TimeControl "180+2"]
[EndTime "11:17:21 PST"]
[Termination "Yaacovn won by resignation"]

1. d4 Nf6 2. Bg5 Ne4 3. Bf4 c5 4.
c3 g6 5. dxc5 Bg7 6. Qd5 Nf6 7.
Qc4 O-O 8. Nd2 b6 9. cxb6 Qxb6 10. Qb3 Nc6 11. e3 e5 12. Bg5 Qc7 13. Ngf3 Rb8 14. Qa3 d5 15. Be2 Be6 16. O-O Rfc8 17. Rfd1 Na5 18.
Nxe5 Qxe5 19. Bf4 Qf5 20. Bxb8 Rxb8 21. Qxa5 Rxb2 22. Qxa7 Rxd2 23. Rxd2 Ne4 24. Bd3 1-0

[Event "*** Monthly 3|2 Blitz Masters"]
[Site "Chess.com"]
[Date "2014.11.25"]
[Round "2"]
[White "Hafez_Bakr"]
[Black "gmjlh"]
[Result "0-1"]
[WhiteElo "1792"]
[BlackElo "2501"]
[TimeControl "180+2"]
[EndTime "11:18:01 PST"]
[Termination "gmjlh won by resignation"]

1. e4 e5 2. Nf3 Nc6 3. Bb5 Nf6 4.
d3 Bc5 5. O-O Nd4 6. Nxe5 Nxb5 7. c3 O-O 8. d4 Be7 9. f3 c5 10. d5 d6 11. Nc4 Nd7 12. Be3 Nb6 13. Ncd2 f5 14. a4 Nc7 15. Qb3 fxe4 16. fxe4 Rxf1+ 17. Nxf1 Bh4 18. a5 Nd7 19. Bf4 Ne8 20. Nbd2 Bg5 21.
Bg3 Ndf6 22. Qc4 Nh5 23. Qe2 Nxg3 24. Nxg3 Bxd2 25. Qxd2 Bd7 26. b4 cxb4 27. cxb4 Rc8 28. Rf1 Bb5 29. Rf3 Qc7 30. Nf5 Qc1+ 31. Qxc1 Rxc1+ 32. Kf2 Rf1+ 33. Kg3 Rxf3+ 34. gxf3 Bd7 35. Nd4 Nc7 36. f4 Na6 37. b5 Nc7 38. b6 axb6 39. axb6 Na8 40. e5 Nxb6 41. e6 Be8 42. Nf5 Nxd5 43. Nxd6 Bc6 44. f5 b5 45. Kg4 b4 46.
Nc4 b3 47. Nb2 Kf8 48. h4 Nc3 49. Kf4 Na4 50. Nd1 Ke7 51. Ke5 Bf3 52. Ne3 b2 53.
Nc4 b1=Q 0-1

[Event "*** Monthly 3|2 Blitz Masters"]
[Site "Chess.com"]
[Date "2014.11.25"]
[Round "2"]
[White "GMHess"]
[Black "promen1999"]
[Result "1-0"]
[WhiteElo "2440"]
[BlackElo "2302"]
[TimeControl "180+2"]
[EndTime "11:18:02 PST"]
[Termination "GMHess won by resignation"]

1. b3 a5 2. Nf3 a4 3. Bb2 e6 4. c4 Nf6 5. bxa4 Be7 6. Nc3 O-O 7. g3 b6 8. Bg2 Bb7 9. O-O d6 10. d4 Nbd7 11. d5 e5 12. Nh4 g6 13. e4 Nc5 14.
Ba3 Nfd7 15. Nf3 Ba6 16. Nd2 Bg5 17. f4 exf4 18. gxf4 Bf6 19. Qf3 Bd4+ 20. Kh1 Qf6 21. Rac1 Rae8 22. Nb5 Bxb5 23. axb5 Ra8 24. Rc2 Ra4 25.
Bxc5 Nxc5 26. Nb3 Rfa8 27. e5 dxe5 28. fxe5 Qxf3 29. Bxf3 Bxe5 30. Nxc5 bxc5 31. d6 Rxa2 32. Rxa2 Rxa2 33. d7 Rd2 34. Bd5 Rxh2+ 35. Kg1 1-0

[Event "*** Monthly 3|2 Blitz Masters"]
[Site "Chess.com"]
[Date "2014.11.25"]
[Round "2"]
[White "JamesColeman"]
[Black "DatsFunny"]
[Result "1-0"]
[WhiteElo "2283"]
[BlackElo "2091"]
[TimeControl "180+2"]
[EndTime "11:18:17 PST"]
[Termination "JamesColeman won by resignation"]

1. d4 Nf6 2. Nf3 c5 3. c3 d5 4. Bg5 Qb6 5. Qb3 c4 6. Qxb6 axb6 7. Nbd2 b5 8. Bxf6 gxf6 9. e4 e6 10. Be2 Nc6 11. O-O f5 12. exf5 exf5 13. Rfe1 Be6 14.
a3 Bd6 15. Nf1 f4 16. Ng5 Kd7 17. Bh5 Raf8 18. Nd2 h6 19. Nxe6 fxe6 20. Nf3 Rf6 21. Re2 Rg8 22. Rae1 Rf5 23. Rxe6 Rxh5 24. Rf6 Be7 25.
Rxf4 Rf8 26. Rxf8 Bxf8 27. g4 Rg5 28. Nxg5 hxg5 29. Kg2 Bd6 30. Rh1 Ne7 31. h4 gxh4 32. Rxh4 Ng6 33. Rh7+ Kc6 34. g5 Bf8 35. Kg3 b4 36.
axb4 Kd6 37. f4 Ke6 38. Rxb7 Bd6 39. Rb6 Ke7 40. Kg4 Nxf4 41. Rxd6 1-0

[Event "*** Monthly 3|2 Blitz Masters"]
[Site "Chess.com"]
[Date "2014.11.25"]
[Round "2"]
[White "Argente"]
[Black "oggy1984"]
[Result "0-1"]
[WhiteElo "2158"]
[BlackElo "2237"]
[TimeControl "180+2"]
[EndTime "11:18:25 PST"]
[Termination "oggy1984 won by resignation"]

1. d4 Nf6 2. Bg5 d5 3. e3 c6 4. Nd2 Bf5 5. c4 Ne4 6. Nxe4 Bxe4 7. Qb3 f6 8. Bh4 Qa5+ 9. Qc3 Qxc3+ 10. bxc3 e6 11.
f3 Bg6 12. cxd5 exd5 13. Kd2 Nd7 14. Nh3 Ba3 15. Nf4 Bf7 16. Bf2 Nb6 17. h4 h5 18.
Rb1 O-O-O 19. Bd3 Bd6 20. Bg3 Kc7 21. Ra1 g5 22. Ne2 Bxg3 23. Nxg3 gxh4 24. Rxh4 Rdg8 25. Rh3 Be6 26. Bf5 Bxf5 27. Nxf5 Rxg2+ 28. Kc1 Rg1+ 29. Kb2 Nc4+ 0-1

[Event "*** Monthly 3|2 Blitz Masters"]
[Site "Chess.com"]
[Date "2014.11.25"]
[Round "2"]
[White "IMLevAltounian"]
[Black "alexsuper1987"]
[Result "1-0"]
[WhiteElo "2229"]
[BlackElo "2035"]
[TimeControl "180+2"]
[EndTime "11:18:46 PST"]
[Termination "IMLevAltounian won by checkmate"]

1. Nf3 Nf6 2. c4 e6 3. g3 c5 4.
Bg2 Nc6 5. O-O Be7 6. d4 cxd4 7. Nxd4 O-O 8. Nc3 d5 9. cxd5 exd5 10. b3 Re8 11. Bb2 Be6 12. Rc1 Rc8 13. Nxc6 bxc6 14. Na4 c5 15. Bxf6 gxf6 16. e3 Qd7 17. Qh5 c4 18. h3 Ba3 19. Rcd1 c3 20. Nxc3 Rxc3 21.
Bxd5 Bxd5 22. Rxd5 Qe6 23. Rfd1 Rc1 24. Ra5 Rxd1+ 25. Qxd1 Qe7 26. Qd4 Bd6 27. Rxa7 Qe5 28. Qg4+ Qg5 29. Qd7 Bxg3 30. Qxf7+ Kh8 31. Qxh7# 1-0

[Event "*** Monthly 3|2 Blitz Masters"]
[Site "Chess.com"]
[Date "2014.11.25"]
[Round "2"]
[White "VSERGUEI"]
[Black "FrankieJay"]
[Result "1-0"]
[WhiteElo "2260"]
[BlackElo "2171"]
[TimeControl "180+2"]
[EndTime "11:18:52 PST"]
[Termination "VSERGUEI won by resignation"]

1. d4 Nf6 2. c4 g6 3. Nc3 Bg7 4.
e4 d6 5. Nf3 O-O 6. Be2 e5 7. Be3 Ng4 8. Bg5 f6 9. Bh4 g5 10. Bg3 Nh6 11. c5 Nf7 12. cxd6 cxd6 13. O-O Nc6 14. dxe5 dxe5 15. Qxd8 Rxd8 16. Bc4 Kf8 17.
Rfd1 Bg4 18. Ne2 Bxf3 19. gxf3 Rxd1+ 20. Rxd1 Rd8 21. Bd5 Nb4 22. Nc3 Nxd5 23. Nxd5 Rc8 24. b4 Ke8 25. a4 Rc2 26. a5 Nd8 27. b5 Ne6 28. a6 bxa6 29. bxa6 Nd4 30. Rb1 Nxf3+ 31.
Kg2 g4 32. h3 h5 33. hxg4 hxg4 34. Rb7 Rc1 35. Bh2 Kf8 36. Rxa7 Bh6 37. Rc7 Ne1+ 38. Kg3 Bf4+ 39. Kxg4 1-0

[Event "*** Monthly 3|2 Blitz Masters"]
[Site "Chess.com"]
[Date "2014.11.25"]
[Round "2"]
[White "ChessWarrior7197"]
[Black "josiwales"]
[Result "0-1"]
[WhiteElo "1781"]
[BlackElo "1789"]
[TimeControl "180+2"]
[EndTime "11:18:56 PST"]
[Termination "josiwales won by resignation"]

1. e4 c5 2. Nf3 Nc6 3. Bb5 Na5 4.
Nc3 a6 5. Be2 e6 6. O-O Nf6 7.
d4 c4 8. e5 Nd5 9. Ne4 Be7 10.
Bd2 b5 11. a4 b4 12. Bg5 O-O 13. Bxe7 Qxe7 14. Qd2 Bb7 15. Nd6 c3 16. bxc3 bxc3 17.
Qd1 Bc6 18. Bd3 Rab8 19. Bxa6 Rb2 20. Bb5 Nb4 21. Ne1 Qg5 22. Bxc6 Naxc6 23. f4 Qg6 24. Rf2 Nd5 25. Qd3 Qxd3 26. Nxd3 Rb6 27. Nb5 Ra8 28.
Nc5 Rxb5 29. Rff1 Rb2 30. Nxd7 Rxc2 31. Rfb1 Ne3 32. a5 Rxg2+ 33. Kh1 c2 34. Rc1 Nxd4 35. Rf1 Rd2 36. a6 Nxf1 37. a7 Rd1 38. Nb6 Ne3+ 39. Rxd1 0-1

[Event "*** Monthly 3|2 Blitz Masters"]
[Site "Chess.com"]
[Date "2014.11.25"]
[Round "2"]
[White "GeorgMeier"]
[Black "David_Klein"]
[Result "1-0"]
[WhiteElo "2564"]
[BlackElo "2358"]
[TimeControl "180+2"]
[EndTime "11:19:12 PST"]
[Termination "GeorgMeier won by resignation"]

1. Nf3 Nf6 2. g3 g6 3. Bg2 Bg7 4. O-O O-O 5. d4 d5 6. Bf4 c6 7. Nbd2 Nbd7 8. c4 Qb6 9. Qc2 Qa6 10. Rac1 Nb6 11. b3 Bf5 12. Qb2 Ne4 13. Rfd1 Nxd2 14. Nxd2 Rad8 15. e3 c5 16. Bc7 Rd7 17. Bxb6 axb6 18.
cxd5 cxd4 19. e4 Bg4 20. f3 d3 21. Qb1 Bh5 22. g4 b5 23. Qxd3 Qxa2 24. gxh5 Be5 25. Qe3 Qb2 26. Nf1 Ra8 27. Rb1 Qc2 28. Rdc1 Qa2 29.
f4 Bg7 30. hxg6 hxg6 31. e5 Qa5 32. b4 Qa6 33. Qd4 b6 34. Ra1 Qb7 35. d6 Rxa1 36. Qxa1 Qb8 37. Qa6 Qa7 38. Qxa7 Rxa7 39. Rc7 1-0

[Event "*** Monthly 3|2 Blitz Masters"]
[Site "Chess.com"]
[Date "2014.11.25"]
[Round "2"]
[White "Baggio95"]
[Black "Nouki"]
[Result "0-1"]
[WhiteElo "2366"]
[BlackElo "2650"]
[TimeControl "180+2"]
[EndTime "11:19:24 PST"]
[Termination "Nouki won by resignation"]

1. e4 Nf6 2. e5 Nd5 3. d4 d6 4. c4 Nb6 5. exd6 cxd6 6. Nc3 g6 7. Be3 Bg7 8. Rc1 O-O 9. b3 a5 10. Nf3 Bg4 11. Be2 d5 12. c5 Nc8 13. O-O Nc6 14. Na4 e6 15. Qd2 N8e7 16. Nb6 Ra7 17. Bg5 Bxf3 18. Bxf3 Nxd4 19. Bd1 Ndc6 20. Re1 f6 21. Bh4 e5 22. Be2 d4 23. Bc4+ Kh8 24. f3 Nf5 25. Bg3 h5 26. Rcd1 Ne3 27.
Rb1 Bh6 28. Qe2 Qe7 29. Nd5 Qxc5 30. f4 Nxd5 31. Qe4 Nde7 32. fxe5 fxe5 33. Bxe5+ Qxe5 34. Qxe5+ Nxe5 35. Rxe5 Be3+ 36. Kh1 Nc6 37. Re6 Kg7 38.
Bd3 Rf6 39. Re8 b6 0-1

[Event "*** Monthly 3|2 Blitz Masters"]
[Site "Chess.com"]
[Date "2014.11.25"]
[Round "2"]
[White "gumersindo"]
[Black "Mvpag"]
[Result "1-0"]
[WhiteElo "2039"]
[BlackElo "1875"]
[TimeControl "180+2"]
[EndTime "11:19:40 PST"]
[Termination "gumersindo won by resignation"]

1. d4 d5 2. c4 e5 3. dxe5 Bb4+ 4.
Bd2 Bxd2+ 5. Nxd2 Nc6 6. Ngf3 Nge7 7. e3 O-O 8. cxd5 Nxd5 9. Bc4 Ndb4 10. O-O Bg4 11.
Qb3 a5 12. a3 a4 13. Qc3 Nd5 14. Qd3 Nb6 15. Qe4 Nxc4 16. Nxc4 Be6 17. Rfd1 Qe7 18.
Ncd2 Bd5 19. Qxd5 Rad8 20. Qe4 Rd7 21. Qxa4 Rfd8 22. Nc4 b5 23. Rxd7 Qxd7 24. Qc2 bxc4 25. h3 Qd3 26. Rc1 Na5 27. Nd4 c5 28. Nf3 Nb3 29.
Qxd3 cxd3 30. Rd1 c4 31. Nd2 Nc5 32. Nxc4 Rb8 33. b4 Ne4 34. Rxd3 g6 35. f3 Ng5 36. h4 Ne6 37. Kf2 Rc8 38. Rc3 g5 39. h5 Rd8 40. Nd6 f6 41. Ne4 fxe5 42. g4 Kf7 43. b5 Ra8 44. b6 Ra6 45. b7 Rb6 46. Rc6 Rxb7 47. Nd6+ 1-0

[Event "*** Monthly 3|2 Blitz Masters"]
[Site "Chess.com"]
[Date "2014.11.25"]
[Round "2"]
[White "WanderingPuppet"]
[Black "minnesotachessmaster"]
[Result "1-0"]
[WhiteElo "2022"]
[BlackElo "1907"]
[TimeControl "180+2"]
[EndTime "11:19:43 PST"]
[Termination "WanderingPuppet won by resignation"]

1. Nc3 e5 2. d4 exd4 3. Qxd4 Nc6 4. Qe3+ Be7 5. Nd5 d6 6. Nf3 Be6 7. Nxe7 Qxe7 8. Bd2 Nf6 9. h3 O-O 10. O-O-O Rfe8 11. Qa3 b5 12. e3 Reb8 13. Nd4 Nxd4 14.
exd4 c5 15. Be3 b4 16. Qa5 c4 17. Be2 b3 18. c3 bxa2 19. Qxa2 d5 20. Bg5 h6 21. Bh4 Rb7 22. Bf3 Rab8 23. Rd2 Bf5 24. Re2 Qd6 25. Bg3 Qb6 26. Bxb8 Rxb8 27. Rhe1 Ne4 28.
Bxe4 Bxe4 29. f3 Bd3 30. Re8+ Rxe8 31. Rxe8+ Kh7 32. Re7 Qf6 33. Qxa7 Qg5+ 34. Kd1 Qxg2 35. Qc7 Qf1+ 36. Kd2 Qf2+ 37. Kd1 Qxf3+ 38. Kd2 Qf4+ 39. Qxf4 1-0

[Event "*** Monthly 3|2 Blitz Masters"]
[Site "Chess.com"]
[Date "2014.11.25"]
[Round "2"]
[White "Byniolus"]
[Black "jlandaw"]
[Result "1-0"]
[WhiteElo "2342"]
[BlackElo "2266"]
[TimeControl "180+2"]
[EndTime "11:19:46 PST"]
[Termination "Byniolus won by resignation"]

1. d4 Nf6 2. Nf3 e6 3. Bf4 b6 4. e3 Bb7 5. h3 g6 6. Be2 Bg7 7. O-O O-O 8. c4 d6 9. Nc3 Ne4 10. Nxe4 Bxe4 11. Bg3 Nd7 12. Rc1 Qe7 13. Nd2 Bb7 14. Bf3 Bxf3 15. Qxf3 e5 16. Qc6 Rac8 17.
Nf3 e4 18. Nd2 f5 19. b4 g5 20. Bh2 h5 21. Rfd1 h4 22. a4 Rfe8 23. Qd5+ Qf7 24. Qxf7+ Kxf7 25. Nb3 Re7 26. Kf1 Nf6 27. Ke2 Nh5 28.
c5 dxc5 29. dxc5 f4 30. Nd4 Rd8 31. Nc6 Rxd1 32. Rxd1 Re8 33. Rd7+ Kf8 34. Rxc7 bxc5 35. bxc5 Re6 36. Rc8+ Re8 37. Nxa7 Bc3 38. c6 Rxc8 39. Nxc8 Ke8 40. Nd6+ Kd8 41. Nxe4 Be5 42. Kf3 Kc7 43. Nxg5 Kxc6 44. Bxf4 1-0

[Event "*** Monthly 3|2 Blitz Masters"]
[Site "Chess.com"]
[Date "2014.11.25"]
[Round "2"]
[White "grandmastergauri"]
[Black "vovkcoach"]
[Result "0-1"]
[WhiteElo "2346"]
[BlackElo "2491"]
[TimeControl "180+2"]
[EndTime "11:19:55 PST"]
[Termination "vovkcoach won on time"]

1. e4 c6 2. d4 d5 3. exd5 cxd5 4.
c4 Nf6 5. Nc3 Nc6 6. Nf3 e6 7. cxd5 Nxd5 8. Bd3 Be7 9. O-O O-O 10.
a3 Bf6 11. Be4 Nce7 12. Be3 Nf5 13. Re1 Ndxe3 14. fxe3 Nd6 15. Bd3 Qb6 16. Qe2 Bd7 17. Rad1 Rac8 18. Kh1 Rfd8 19. e4 Be7 20. e5 Ne8 21. d5 g6 22. d6 Bf8 23. Ng5 Bc6 24. Nxf7 Kxf7 25. Rf1+ Kg8 26. Rxf8+ Kxf8 27. Rf1+ Kg8 28.
Qg4 Ng7 29. Bc4 Rf8 30. Bxe6+ Kh8 31. Rf6 Qxb2 32. Ne2 Nxe6 33. Qxe6 Qxe2 34. Rxf8+ Rxf8 0-1

[Event "*** Monthly 3|2 Blitz Masters"]
[Site "Chess.com"]
[Date "2014.11.25"]
[Round "2"]
[White "Vandros57"]
[Black "Quinten94"]
[Result "0-1"]
[WhiteElo "1802"]
[BlackElo "2022"]
[TimeControl "180+2"]
[EndTime "11:20:04 PST"]
[Termination "Quinten94 won by resignation"]

1. d4 d5 2. c4 c6 3. Nf3 Nf6 4. e3 Bf5 5. Bd3 Bg6 6. O-O e6 7. Nc3 Bd6 8. Qe2 Ne4 9. Bxe4 dxe4 10. Nd2 f5 11. f3 exf3 12. Nxf3 Nd7 13. e4 O-O 14. e5 Be7 15. Bf4 Bh5 16. Qd2 Nb6 17. b3 a5 18. a4 Bb4 19. Qe3 h6 20. h3 Qe7 21. Rad1 Rad8 22. Kh1 g5 23. Nxg5 Bxc3 24. Nxe6 Qxe6 25. Rd3 Bb4 26. Bxh6 f4 27. Bxf4 Bg6 28.
Rdd1 Rd7 29. Qg3 Rdf7 30. Rf3 Be7 31. Rdf1 Kh7 32. Bg5 Bxg5 33. Rxf7+ Rxf7 34. Rxf7+ Qxf7 35. Qxg5 Nd7 36. Qh4+ Kg7 37. Qg3 Nf8 38. h4 Qf5 39. d5 Qd3 40. e6 Qxg3 0-1